 Dungeon Crawl Stone Soup version 0.25-a0-294-gea9b1ad378 (webtiles) character file.

Game seed: 13923134776525346708, levelgen mode: deterministic

10756 Lanoc the Spear-Bearer (level 11, -18/103 HPs)
             Began as a Naga Skald on Dec 17, 2019.
             Was a Priest of Ashenzari.
             Demolished by a death yak (23 damage)
             ... in a Gauntlet.
             The game lasted 00:38:31 (15064 turns).

Lanoc the Spear-Bearer (Naga Skald)                Turns: 15064, Time: 00:38:31

Health: -18/103    AC: 14    Str: 15    XL:     11   Next: 67%
Magic:  14/14      EV:  6    Int: 14    God:    Ashenzari [***...]
Gold:   148        SH: 10    Dex: 15    Spells: 13/14 levels left

rFire    + . .     SeeInvis +   j - +2 spear (flame) (curse)
rCold    + . .     Gourm    .   z - +0 shield
rNeg     . . .     Faith    .   K - +3 chain mail {MR+}
rPois    +         Spirit   .   (no helmet)
rElec    .         Reflect  .   y - scarf {rC+ rF+}
rCorr    .         Harm     .   D - +0 pair of gloves (curse)
MR       ++...     NoTele   +   (no barding)
Stlth    ..........             o - amulet of magic regeneration
HPRegen  0.27/turn              G - ring of Shadows {Umbra +Inv Stlth+} (curse)
MPRegen  0.39/turn              w - +3 ring of dexterity

@: wreathed by umbra, very slow
A: large, see invisible, deformed body, poison resistance, slowness 2, slow
metabolism 1, spit poison 1, AC +3
a: Spit Poison, Curse Item, Scrying, Renounce Religion, Evoke Invisibility


You were in a Gauntlet.
You worshipped Ashenzari.
Ashenzari was most pleased with you.
You were not hungry.

You visited 2 branches of the dungeon, and saw 12 of its levels.
You also visited: Sewer and Gauntlet.

You collected 276 gold pieces.
You spent 128 gold pieces at shops.

Inventory:

Hand Weapons
 h - a +1 vampiric trident
 j - a cursed +2 spear of flaming (weapon)
 I - the +8 rapier of Responsibility {freeze, Int+3 Dex+4}
   (You found it on level 10 of the Dungeon)

   It has been specially enchanted to freeze those struck by it, causing extra
   injury to most foes and up to half again as much damage against particularly
   susceptible opponents.
   It can also slow down cold-blooded creatures.
   It affects your intelligence (+3).
   It affects your dexterity (+4).
Missiles
 b - 10 curare-tipped darts (quivered)
 e - 4 silver boomerangs
 g - 35 poisoned darts
 B - 128 arrows
Armour
 a - the +2 hat of Salvation {rC+}
   (You found it in a Gauntlet)

   It protects you from cold.
 y - a scarf of resistance (worn)
 z - a +0 shield (worn)
 D - a cursed +0 pair of gloves (worn)
 K - a +3 chain mail of magic resistance (worn)
Jewellery
 o - an amulet of magic regeneration (around neck)
 w - a +3 ring of dexterity (right hand)
 G - the cursed ring of Shadows (left hand) {Umbra +Inv Stlth+}
   (You found it on level 10 of the Dungeon)

   [ring of stealth]

   It lets you turn invisible.
   It makes you more stealthy.
   It has a curse placed upon it.
Wands
 i - a wand of iceblast (9)
 n - a wand of random effects (28)
 v - a wand of polymorph (10)
 C - a wand of enslavement (8)
Scrolls
 f - 3 scrolls of remove curse
 l - 3 scrolls of enchant weapon
 r - 2 scrolls of amnesia
 x - a scroll of immolation
 E - a scroll of enchant armour
 F - a scroll of magic mapping
Potions
 c - 2 potions of flight
 k - a potion of brilliance
 q - a potion of mutation
 s - 2 potions of magic
 t - a potion of cancellation
Miscellaneous
 J - a fan of gales
Comestibles
 d - 24 rations


   Skills:
 + Level 8.2 Fighting
   Level 2.6 Long Blades
 - Level 9.4(12.1) Polearms
 + Level 6.6 Armour
 + Level 6.8 Dodging
 + Level 5.9 Shields
 - Level 2.0 Spellcasting
 - Level 3.0 Charms


You had 13 spell levels left.
You knew the following spells:

 Your Spells              Type           Power        Failure   Level  Hunger
a - Infusion              Chrm           #...         91%         1    ##.....

Your spell library contained the following spells:

 Spells                   Type           Power        Failure   Level  Hunger
 Song of Slaying          Chrm           #.......     97%         2    ###....
 Shroud of Golubria       Chrm/Tloc      #.....       99%         2    ###....
 Corona                   Hex            #......      100%        1    ##.....
 Foxfire                  Conj/Fire      #...         100%        1    ##.....
 Magic Dart               Conj           #...         100%        1    ##.....
 Summon Small Mammal      Summ           #...         100%        1    ##.....
 Blink                    Tloc           N/A          100%        2    ###....
 Call Imp                 Summ           #.......     100%        2    ###....
 Ensorcelled Hibernation  Hex/Ice        #.....       100%        2    ###....
 Slow                     Hex            #.......     100%        2    ###....
 Call Canine Familiar     Summ           #.......     100%        3    ####...
 Confuse                  Hex            #.......     100%        3    ####...
 Conjure Flame            Conj/Fire      #.......     100%        3    ####...
 Dazzling Flash           Conj/Hex       #.....       100%        3    ####...
 Inner Flame              Hex/Fire       #.......     100%        3    ####...
 Mephitic Cloud           Conj/Pois/Air  #.......     100%        3    ####...
 Regeneration             Chrm/Necr      #.........   100%        3    ####...
 Spectral Weapon          Hex/Chrm       #.......     100%        3    ####...
 Summon Guardian Golem    Hex/Summ       #.......     100%        3    ####...
 Tukima's Dance           Hex            #.......     100%        3    ####...
 Leda's Liquefaction      Hex/Erth       #.........   100%        4    #####..
 Sticky Flame             Conj/Fire      #.......     100%        4    #####..
 Summon Ice Beast         Ice/Summ       #.......     100%        4    #####..
 Summon Lightning Spire   Summ/Air       #.......     100%        4    #####..
 Bolt of Magma            Conj/Fire/Erth #.........   100%        5    ######.
 Fireball                 Conj/Fire      #.........   100%        5    ######.
 Irradiate                Conj/Tmut      #.........   100%        5    ######.
 Hydra Form               Tmut           #.........   100%        6    #######
 Iron Shot                Conj/Erth      #.........   100%        6    #######
 Statue Form              Tmut/Erth      #........    100%        6    #######
 Dragon Form              Tmut           #.........   100%        7    #######
 Shatter                  Erth           #.........   100%        9    #######


Dungeon Overview and Level Annotations

Branches:
Dungeon (11/15)            Temple (1/1) D:4            Lair (0/6) D:10
  Sewer (visited)         Gauntlet (1/1)
    Orc: D:9-12

Altars:
Ashenzari
Cheibriados
Elyvilon
Fedhas
Makhleb
Sif Muna
Trog
Vehumet
Yredelemnul

Shops:
D:5 %   D:8 %:*!(   D:10 [

Annotations:
D:4 exclusion: statue
D:7 2 transporters, Borgoz's ghost, novice GrFi
D:8 2 transporters, Borgoz's ghost, journeyman KoFi Gauntlet 8 transporters, 1 runed translucent door


Innate Abilities, Weirdness & Mutations

You cannot wear boots.
Your serpentine skin is tough. (AC +3)
You have supernaturally acute eyesight. (SInv)
Armour fits poorly on your strangely shaped body.
Your system is resistant to poisons. (rPois)
You cover ground very slowly.
You have a slow metabolism.
You can spit poison.


Message History

You block the death yak's attack.
Throwing (i - inventory. (/) - cycle)
u - a datura-tipped dart (quivered)
Press: ? - help, Shift-Dir - straight line, f/p - death yak
Aim: a death yak (umbra, chance to frenzy on hit: 3%)
You throw a datura-tipped dart.
The datura-tipped dart hits the death yak.
The death yak resists.
The death yak gores you!
* * * LOW HITPOINT WARNING * * *
Quiver which item? (- for none, * to show all) (? for menu, Esc to quit)
Quivering
m - a throwing net for throwing.
Throwing (i - inventory. (/) - cycle)
m - a throwing net (quivered)
Press: ? - help, Shift-Dir - straight line, f/p - death yak
Aim: a death yak (umbra)
You throw a throwing net.
The throwing net barely misses the death yak.
The throwing net hits the death yak.
The death yak is caught in the net!
The death yak struggles against the net.
The death yak gores you!!
You die...

.....##..♣.#!.#.# ,
###.♣.#..PP.#©.#©# 8 ,
......#.♣...#..#.#
,,,,,#.#.©.#.....#[.#.#
* **#, #...#.....#Y..99
*8 8 , #.
#.©.#.....###### * ,
+.###...#..∩........
8#...#.©.#.....###### *
### #@#...#.....#wYY..
.....#Y#.©.#.P...#Y###'
#8.....Y(...#.♣P..#.#≈..
##.##.###.♣.#..PP.#©#≈©.
* ... .....##..♣.#)#≈..
### ###.♣(###.P.#.###+
#...##≈...#..... ###
#≈≈...######
##≈.♣.......


You could see 2 death yaks.

Vanquished Creatures
  2 two-headed ogres
  A centaur zombie (D:10)
  A komodo dragon (D:10)
  A tengu conjurer (D:10)
  A troll (D:8)
  Prince Ribbit (D:8)
  5 hippogriffs
  2 centaur simulacra (Gauntlet)
  Sigmund (D:3)
  A redback (D:8)
  A yak (D:10)
  4 hogs (D:7)
  A human (D:7)
  3 hungry ghosts
  An acid dragon (D:10)
  4 orc warriors
  A hornet zombie (D:5)
  3 sky beasts
  A meliai simulacrum (Gauntlet)
  2 black bears
  2 ogres
  A phantom (D:10)
  2 ice beasts (D:5)
  4 centaurs
  3 big kobolds
  8 bullfrogs
  A wyvern skeleton (D:10)
  3 scorpions
  12 killer bees (D:8)
  4 wights
  A howler monkey (D:7)
  A bullfrog zombie (D:6)
  2 quasits
  4 crimson imps
  9 orc priests
  4 hounds
  2 jellies
  A wyvern simulacrum (Gauntlet)
  3 centaur skeletons
  Terence (D:2)
  An iguana (D:9)
  13 orc wizards
  Natasha (thrice) (D:2)
  10 worker ants
  A bullfrog simulacrum (Gauntlet)
  A hound zombie (D:5)
  A hound skeleton (D:5)
  A howler monkey zombie (D:7)
  4 gnolls
  A river rat (D:4)
  9 adders
  2 shadow imps
  2 oozes
  An adder zombie (D:8)
  3 adder skeletons
  2 worms (D:2)
  2 dart slugs
  6 leopard geckos
  31 orcs
  7 bats
  11 giant cockroaches
  13 goblins
  4 hobgoblins
  3 jackals (D:8)
  6 quokkas
  6 ball pythons
  4 frilled lizards
  25 kobolds
  2 leopard gecko skeletons
  10 rats
  A spectral orc (D:5)
291 creatures vanquished.

Vanquished Creatures (others)
  3 plants (D:10)
3 creatures vanquished.

Grand Total: 294 creatures vanquished

Notes
Turn   | Place    | Note
-------+----------+-------------------------------------------
     0 | D:1      | Lanoc the Naga Skald began the quest for the Orb.
     0 | D:1      | Reached XP level 1. HP: 19/19 MP: 3/3
    87 | D:1      | Reached skill level 1 in Armour
    87 | D:1      | Reached XP level 2. HP: 17/26 MP: 5/5
   469 | D:1      | Reached XP level 3. HP: 24/32 MP: 6/6
   764 | D:2      | Noticed Natasha
   778 | D:2      | Killed Natasha
   779 | D:2      | Reached XP level 4. HP: 36/40 MP: 7/7
   797 | D:2      | Noticed Natasha
   806 | D:2      | Killed Natasha
   841 | D:2      | Noticed Natasha
   845 | D:2      | Killed Natasha
  1062 | D:2      | Reached XP level 5. HP: 49/49 MP: 8/8
  1364 | D:3      | Noticed Sigmund
  1371 | D:3      | Noticed Terence
  1400 | D:2      | Killed Terence
  1943 | D:3      | Reached XP level 6. HP: 50/56 MP: 9/9
  2161 | D:3      | Killed Sigmund
  2161 | D:3      | Reached skill level 1 in Shields
  2367 | D:4      | HP: 2/57 [ogre/+0 giant club (9)]
  2371 | D:4      | Reached XP level 7. HP: 3/64 MP: 8/10
  2510 | D:4      | Found a shattered altar of Ashenzari.
  2523 | D:4      | Became a worshipper of Ashenzari the Shackled
  2618 | D:4      | Found a glowing drain.
  2633 | Sewer    | Entered a sewer
  3114 | D:4      | Found a staircase to the Ecumenical Temple.
  3123 | Temple   | Entered the Ecumenical Temple
  3439 | D:4      | Found a radiant altar of Vehumet.
  3870 | D:5      | Entered Level 5 of the Dungeon
  3987 | D:5      | Reached skill level 1 in Polearms
  4006 | D:5      | Reached XP level 8. HP: 50/73 MP: 11/11
  4162 | D:5      | Reached skill level 2 in Polearms
  4168 | D:5      | Reached * piety under Ashenzari
  4223 | D:5      | Reached skill level 5 in Fighting
  4241 | D:5      | Found a blossoming altar of Fedhas.
  4563 | D:5      | Found Fiug's Food Shop.
  4631 | D:5      | Found a basalt altar of Yredelemnul.
  4675 | D:5      | Reached skill level 3 in Polearms
  5405 | D:5      | Reached skill level 4 in Polearms
  5713 | D:6      | Reached XP level 9. HP: 56/81 MP: 12/12
  6266 | D:6      | Got the uncursed robe of Fedhas's Wrath {rC++}
  6277 | D:6      | Identified the +1 robe of Fedhas's Wrath {rC++} (You found
                  | it on level 6 of the Dungeon)
  6586 | D:7      | Found a transporter.
  6588 | D:7      | Noticed Borgoz's ghost (novice GrFi)
  6589 | D:7      | Identified the +2 dire flail of Dajeipn {flame, -Tele rF++
                  | rN+ Str+2}
  6589 | D:7      | Noticed a two-headed ogre
  6591 | D:7      | Found a transporter.
  6628 | D:7      | Reached skill level 5 in Polearms
  7041 | D:7      | Reached skill level 5 in Dodging
  7761 | D:7      | Found a shimmering blue altar of Sif Muna.
  8006 | D:7      | Reached skill level 5 in Armour
  8016 | D:7      | Reached skill level 6 in Polearms
  8348 | D:7      | Reached XP level 10. HP: 80/92 MP: 13/13
  8385 | D:7      | Found a white marble altar of Elyvilon.
  8386 | D:7      | Found a snail-covered altar of Cheibriados.
  8542 | D:8      | Found Bomadgh's Food Emporium.
  8542 | D:8      | Reached ** piety under Ashenzari
  8552 | D:8      | Found a transporter.
  8553 | D:8      | Noticed a two-headed ogre
  8556 | D:8      | Found a bloodstained altar of Trog.
  8562 | D:8      | Found a transporter.
  8572 | D:8      | Noticed a moth of wrath
  8985 | D:8      | Found Ilyt's Distillery.
  9055 | D:8      | Bought a potion of mutation for 128 gold pieces
  9343 | D:8      | Reached skill level 7 in Polearms
  9646 | D:8      | Found Qasaquf Mufa's Weapon Boutique.
  9956 | D:8      | Noticed a two-headed ogre
  9961 | D:8      | Noticed Prince Ribbit
  9962 | D:8      | Found a shimmering blue altar of Sif Muna.
  9975 | D:8      | Killed a two-headed ogre
 10158 | D:8      | Killed Prince Ribbit
 10168 | D:8      | Reached skill level 5 in Shields
 10393 | D:8      | Found Rownyes's General Store.
 10400 | D:8      | Found Itsifuep's Book Shop.
 10812 | D:8      | Found a burning altar of Makhleb.
 10813 | D:8      | Noticed a yaktaur captain
 10848 | D:8      | Reached skill level 8 in Polearms
 11601 | D:8      | Noticed Borgoz's ghost (journeyman KoFi)
 11927 | D:9      | Found a blossoming altar of Fedhas.
 12147 | D:9      | Reached XP level 11. HP: 52/100 MP: 14/14
 12717 | D:10     | Entered Level 10 of the Dungeon
 12726 | D:10     | Found a staircase to the Lair.
 13217 | D:10     | Identified the +8 rapier of Responsibility {freeze, Int+3
                  | Dex+4}
 13617 | D:10     | Found the ring of Shadows {Umbra +Inv Stlth+}
 13744 | D:10     | Found Efenics's Antique Armour Emporium.
 13758 | D:10     | Noticed a two-headed ogre
 13771 | D:10     | Killed a two-headed ogre
 13771 | D:10     | Reached skill level 9 in Polearms
 14230 | D:11     | Noticed a death knight
 14491 | D:11     | Found a gate leading to a gauntlet.
 14491 | D:11     | Reached *** piety under Ashenzari
 14499 | Gauntlet | Entered a Gauntlet
 14499 | Gauntlet | Found a transporter.
 14508 | Gauntlet | Found a transporter.
 14519 | Gauntlet | Found a transporter.
 14525 | Gauntlet | Found a transporter.
 14529 | Gauntlet | Found a transporter.
 14529 | Gauntlet | Noticed a death drake
 14544 | Gauntlet | Found a runed translucent door.
 14546 | Gauntlet | Found a transporter.
 14548 | Gauntlet | Found a runed translucent door.
 14548 | Gauntlet | Noticed a death yak
 14548 | Gauntlet | Noticed a death yak
 14549 | Gauntlet | Noticed a death yak
 14549 | Gauntlet | Noticed a death yak
 14549 | Gauntlet | Noticed a death yak
 14551 | Gauntlet | Noticed a death yak
 14556 | Gauntlet | Found a transporter.
 14556 | Gauntlet | Noticed a catoblepas
 14563 | Gauntlet | Noticed a two-headed ogre
 14564 | Gauntlet | Noticed a mana viper
 14564 | Gauntlet | a two-headed ogre changed into a mana viper
 14565 | Gauntlet | Identified the ring of the Dolphin {Ice rPois Int-5 Slay+3}
 14566 | Gauntlet | Found a transporter.
 14566 | Gauntlet | Noticed a swamp dragon
 14566 | Gauntlet | a mana viper changed into a swamp dragon
 14567 | Gauntlet | Noticed a salamander
 14567 | Gauntlet | a swamp dragon changed into a salamander
 14569 | Gauntlet | Noticed a salamander
 14570 | Gauntlet | Noticed a mana viper
 14570 | Gauntlet | a salamander changed into a mana viper
 14574 | Gauntlet | Noticed a two-headed ogre
 14574 | Gauntlet | a mana viper changed into a two-headed ogre
 14575 | Gauntlet | Noticed a swamp dragon
 14575 | Gauntlet | an elephant changed into a swamp dragon
 14575 | Gauntlet | a two-headed ogre changed into a swamp worm
 14580 | Gauntlet | Found a transporter.
 14580 | Gauntlet | Noticed a cyclops
 14580 | Gauntlet | an eye of devastation changed into a cyclops
 14582 | Gauntlet | Noticed a mana viper
 14582 | Gauntlet | a cyclops changed into a mana viper
 14583 | Gauntlet | a swamp dragon changed into a floating eye
 14587 | Gauntlet | a mana viper changed into a redback
 14590 | Gauntlet | Found a transporter.
 14592 | Gauntlet | Found a transporter.
 14610 | Gauntlet | Noticed a salamander
 14617 | Gauntlet | Noticed an unseen horror
 14617 | Gauntlet | a meliai changed into an unseen horror
 14619 | Gauntlet | an unseen horror changed into a human
 14628 | Gauntlet | a salamander changed into a queen bee
 14635 | Gauntlet | Noticed an orb spider
 14635 | Gauntlet | a black bear changed into an orb spider
 14636 | Gauntlet | Found a transporter.
 14650 | Gauntlet | Found a transporter.
 14663 | Gauntlet | Found a transporter.
 14682 | Gauntlet | Noticed a fire crab
 14682 | Gauntlet | Noticed a moth of wrath
 14682 | Gauntlet | a fire crab changed into a moth of wrath
 14697 | Gauntlet | a moth of wrath changed into a swamp worm
 15051 | Gauntlet | Got the uncursed hat of Salvation {rC+}
 15063 | Gauntlet | HP: 4/103 [death yak (9)]
 15064 | Gauntlet | Demolished by a death yak

Levels and vault maps discovered:
D:1:      lightli_arrival_boilingwater, layout_basic
D:2:      layout_rooms, uniq_natasha
D:3:      layout_basic, first_ration, uniq_terence, uniq_sigmund
D:4:      layout_loops_corners, vehumet_statue, lemuel_doored_altar,
          minmay_temple_entry_mini_moons, cheibrodos_sewer_entry_sluice,
          kennysheep_generic_room_10
D:5:      layout_basic, yredelemnul_forgotten_temple_becter, serial_shops,
          kennysheep_little_box, basic_altar
D:6:      layout_basic
D:7:      layout_cave_pods, gammafunk_temple_overflow_claw,
          gammafunk_ghost_smash, grunt_livestock, ebering_dispersal_statue_hall
D:8:      layout_basic, gammafunk_ghost_wrathful_warriors, serial_shops, shop,
          shop, shop_fountains, nicolae_shop_crystal, shop,
          jmf_multi_god_temple, uniq_prince_ribbit1
D:9:      layout_irregular_city, basic_altar, minmay_misc_feat_x
D:10:     minmay_the_grid_octo_2x2 [minmay_the_grid_octo_fan_narrow,
          minmay_the_grid_octo_chip, minmay_the_grid_octo_concentric,
          minmay_the_grid_octo_prize_ultimate_mussel_roller],
          layout_irregular_city, david_lair_shrubbed, serial_shops,
          nicolae_shop_trees
D:11:     layout_loops_ring, orc_0_dummy, gauntlet_entry_generic, serial_shops,
          shop, kennysheep_cross_bottleneck, kennysheep_dice
Temple:   regret_index_temple_sphere_string
Gauntlet: minmay_gauntlet_77_tree [minmay_gauntlet_arena_77_p_blocks,
          minmay_gauntlet_arena_77_mirror, minmay_gauntlet_arena_77_two_lines,
          minmay_gauntlet_arena_77_box, minmay_gauntlet_arena_77_chump_sandwich,
          minmay_gauntlet_arena_77_shame_cube, minmay_gauntlet_arena_77_mess,
          nicolae_gauntlet_exit_dead_adventurers]

Skill      XL: |  1  2  3  4  5  6  7  8  9 10 11 |
---------------+----------------------------------+-----
Armour         | 1 2 3 4 5 6 |  6.6
Dodging        | 2 3 4 5 6 |  6.8
Fighting       | 3 4 5 6 7 8 |  8.2
Shields        | 1 2 3 4 5 |  5.9
Polearms       | 1 4 6 8 9 |  9.4
Long Blades    | |  2.6
Spellcasting   | |  2.0
Charms         | |  3.0

Action                   |  1- 3 |  4- 6 |  7- 9 | 10-12 || total
-------------------------+-------+-------+-------+-------++-------
Melee: Falchion          |    29 |       |       |       ||    29
       Spear             |    31 |   115 |   486 |   652 ||  1284
Throw: Boomerang         |    14 |    33 |    30 |    17 ||    94
       Dart              |       |       |       |     2 ||     2
       Throwing net      |       |       |       |     1 ||     1
 Cast: Infusion          |       |     1 |     1 |       ||     2
Invok: Curse Item        |       |       |     1 |     1 ||     2
 Abil: Spit Poison       |    12 |    19 |    62 |    61 ||   154
  Use: Potion            |       |     5 |     3 |     2 ||    10
       Scroll            |       |     6 |     6 |    12 ||    24
 Stab: Sleeping          |       |       |     2 |     2 ||     4
  Eat: Chunk             |       |     5 |    17 |     8 ||    30
       Ration            |       |       |     1 |     5 ||     6
Armor: Leather armour    |    16 |    16 |    66 |       ||    98
       Robe              |       |       |    27 |    64 ||    91
       Skin              |       |       |    15 |    32 ||    47
       Chain mail        |       |       |       |    74 ||    74
Dodge: Dodged            |    30 |    34 |   197 |   190 ||   451
Block: Buckler           |       |     5 |    29 |       ||    34
       Shield            |       |       |   185 |   244 ||   429
       Rpst.: Falchion   |     5 |       |       |       ||     5

Table legend:
 A = Non-vault XP
 B = Vault XP
 C = Vault XP percentage of total XP
 D = Non-vault monster count
 E = Vault monster count
 F = Vault count percentage of total count
                 A         B        C        D         E       F
            +---------+---------+-------+---------+---------+-------
      Total |    8797 |    6569 |  42.8 |     231 |      60 |  20.6
            +---------+---------+-------+---------+---------+-------
        D:1 |      36 |       0 |   0.0 |      21 |       0 |   0.0
        D:2 |     113 |      71 |  38.6 |      26 |       2 |   7.1
        D:3 |     121 |     223 |  64.8 |      17 |       1 |   5.6
        D:4 |     205 |      17 |   7.7 |       6 |       3 |  33.3
        D:5 |    1074 |       1 |   0.1 |      27 |       1 |   3.6
        D:6 |    1025 |       0 |   0.0 |      21 |       0 |   0.0
        D:7 |    1024 |     998 |  49.4 |      37 |       5 |  11.9
        D:8 |    3028 |     824 |  21.4 |      42 |       4 |   8.7
        D:9 |     729 |       0 |   0.0 |      22 |       0 |   0.0
       D:10 |     802 |    3691 |  82.2 |      10 |      19 |  65.5
       D:11 |     640 |       0 |   0.0 |       2 |       0 |   0.0
      Sewer |       0 |     248 | 100.0 |       0 |      19 | 100.0
   Gauntlet |       0 |     496 | 100.0 |       0 |       6 | 100.0
            +---------+---------+-------+---------+---------+-------
